 Dungeon Crawl Stone Soup version 0.23.2-33-g5129a83184 (webtiles) character file.

Game seed: 4105626915328626569

212 troglodite the Charmwright (level 5, 0/43 HPs)
             Began as a Gnoll Skald on July 17, 2019.
             Slain by a hound (3 damage)
             ... on level 4 of the Dungeon.
             The game lasted 00:08:47 (3082 turns).

troglodite the Charmwright (Gnoll Skald)            Turns: 3082, Time: 00:08:48

Health: 0/43       AC:  8    Str: 15    XL:     5   Next: 89%
Magic:  12/12      EV: 10    Int: 17    God:
Gold:   141        SH: 14    Dex: 14    Spells: 7/14 levels left

rFire    + . .     SeeInvis .   a - +0 spear
rCold    . . .     Gourm    .   k - +0 shield
rNeg     . . .     Faith    .   m - +0 ring mail
rPois    .         Spirit   .   l - +0 helmet
rElec    .         Reflect  +   (no cloak)
rCorr    .         Harm     .   (no gloves)
MR       .....                  t - +1 pair of boots
Stlth    +.........             f - +6 amulet of reflection
HPRegen  0.14/turn              e - +2 ring of strength
MPRegen  0.13/turn              g - ring of protection from fire

@: lightly drained
A: distributed training, fangs 1, strong nose
a: no special abilities


You were on level 4 of the Dungeon.
You were very hungry.

You visited 1 branch of the dungeon, and saw 4 of its levels.

You collected 141 gold pieces.

Inventory:

Hand Weapons
 a - a +0 spear (weapon)
Armour
 k - a +0 shield (worn)
 l - a +0 helmet (worn)
 m - a +0 ring mail (worn)
 t - a +1 pair of boots (worn)
Jewellery
 e - a +2 ring of strength (left hand)
 f - a +6 amulet of reflection (around neck)
 g - a ring of protection from fire (right hand)
Scrolls
 b - a scroll of enchant weapon {unknown}
 c - 4 scrolls of remove curse {unknown}
 r - 2 scrolls of identify {unknown}
 s - 2 scrolls of amnesia {unknown}
 v - a scroll of fog {unknown}
Potions
 h - a potion of lignification {unknown}
 i - a potion of flight {unknown}
 j - a potion of brilliance {unknown}
 n - 2 potions of degeneration {unknown}
 o - 2 potions of ambrosia {unknown}
 p - a potion of invisibility {unknown}
 q - a potion of mutation {unknown}
 u - 2 potions of curing {unknown}
Comestibles
 d - 6 rations


   Skills:
 + Level 4.8(4.5) Fighting
 + Level 1.6(1.3) Short Blades
 + Level 1.6(1.3) Long Blades
 + Level 1.6(1.3) Axes
 + Level 1.6(1.3) Maces & Flails
 + Level 4.8(4.5) Polearms
 + Level 1.6(1.3) Staves
 + Level 1.6(1.3) Slings
 + Level 1.6(1.3) Bows
 + Level 1.6(1.3) Crossbows
 + Level 1.6(1.3) Throwing
 + Level 3.0(2.7) Armour
 + Level 4.8(4.5) Dodging
 + Level 1.6(1.3) Stealth
 + Level 1.6(1.3) Shields
 + Level 1.6(1.3) Unarmed Combat
 + Level 5.2(4.9) Spellcasting
 + Level 1.3(1.0) Conjurations
 + Level 1.3(1.0) Hexes
 + Level 5.6(5.2) Charms
 + Level 1.3(1.0) Summonings
 + Level 1.3(1.0) Necromancy
 + Level 1.3(1.0) Translocations
 + Level 1.3(1.0) Transmutations
 + Level 1.3(1.0) Fire Magic
 + Level 1.3(1.0) Ice Magic
 + Level 1.3(1.0) Air Magic
 + Level 1.3(1.0) Earth Magic
 + Level 1.3(1.0) Poison Magic
 + Level 1.8(1.5) Invocations
 + Level 1.6(1.3) Evocations


You had 7 spell levels left.
You knew the following spells:

 Your Spells              Type           Power        Failure   Level  Hunger
a - Infusion              Chrm           ###.         19%         1    None
b - Spectral Weapon       Hex/Chrm       ##......     80%         3    ###....
c - Regeneration          Chrm/Necr      ##........   80%         3    ###....

Your spell library contained the following spells:

 Spells                   Type           Power        Failure   Level  Hunger
 Song of Slaying          Chrm           ###.....     28%         2    #......
 Shroud of Golubria       Chrm/Tloc      ##........   56%         2    #......


Dungeon Overview and Level Annotations

Branches:
Dungeon (4/15)
 Temple: D:4-7

Altars:
Elyvilon
Nemelex Xobeh


Innate Abilities, Weirdness & Mutations

Your experience applies equally to all skills.
You have very sharp teeth.
Your uncanny sense of smell can sniff out nearby items.


Message History

The hound bites you but does no damage.
You hit the hound.
The hound is moderately wounded.
The phantom hits you.
* * * LOW HITPOINT WARNING * * *
You block the hound's attack.
You barely miss the hound. Your bite misses the hound.
The hound is moderately wounded.
The hound closely misses you. You block the phantom's attack.
You block the hound's attack.
You hit the hound.
The hound is moderately wounded.
The phantom blinks!
The hound bites you but does no damage.
You hit the hound but do no damage.
The hound is moderately wounded.
You block the hound's attack.
You hit the hound.
The hound is heavily wounded.
You block the hound's attack. The hound bites you.
You die...

#########.####..###.#.[....
∆ #..# #...........## ##.##
#.####.... #..# #.# ..
##.## ##.# ####(.#####..#
##....#....#.##
#####..####....#§#
......#####)...#@#
.######..^.....#h#
........###....#.# #..
######### #....#.# #.# .#
##. #....#W## #.# .##.. .
#####....###.# .#..♣.♣
#.....<#.....# .......
#......##....# ..S.♣.♣
#......###.#.####.....♣


You could see a phantom and a hound.

Vanquished Creatures
  A hound (D:4)
  A bullfrog skeleton (D:4)
  An iguana (D:4)
  A worker ant (D:4)
  A hound skeleton (D:2)
  2 adders
  An ooze (D:4)
  A worm (D:2)
  A dart slug (D:2)
  2 leopard geckos (D:3)
  3 orcs
  3 giant cockroaches
  8 goblins
  6 hobgoblins
  A quokka (D:3)
  A ball python (D:1)
  6 bats
  11 frilled lizards
  7 kobolds (D:1)
  A leopard gecko skeleton (D:4)
  6 rats
65 creatures vanquished.

Vanquished Creatures (others)
  A quokka (D:4)
1 creature vanquished.

Grand Total: 66 creatures vanquished

Notes
Turn   | Place    | Note
-------+----------+-------------------------------------------
     0 | D:1      | troglodite the Gnoll Skald began the quest for the Orb.
     0 | D:1      | Reached XP level 1. HP: 20/20 MP: 6/6
   313 | D:1      | Reached XP level 2. HP: 26/26 MP: 7/7
   735 | D:1      | Reached XP level 3. HP: 31/31 MP: 9/9
   740 | D:1      | Learned a level 3 spell: Spectral Weapon
   751 | D:1      | Learned a level 3 spell: Regeneration
   780 | D:1      | Reached skill level 5 in Spellcasting
  1256 | D:2      | Reached skill level 1 in Invocations
  1279 | D:2      | Reached skill level 1 in Short Blades
  1279 | D:2      | Reached skill level 1 in Long Blades
  1279 | D:2      | Reached skill level 1 in Axes
  1279 | D:2      | Reached skill level 1 in Maces & Flails
  1279 | D:2      | Reached skill level 1 in Staves
  1279 | D:2      | Reached skill level 1 in Slings
  1279 | D:2      | Reached skill level 1 in Bows
  1279 | D:2      | Reached skill level 1 in Crossbows
  1279 | D:2      | Reached skill level 1 in Throwing
  1279 | D:2      | Reached skill level 1 in Stealth
  1279 | D:2      | Reached skill level 1 in Shields
  1279 | D:2      | Reached skill level 1 in Unarmed Combat
  1279 | D:2      | Reached skill level 1 in Evocations
  1351 | D:2      | Reached XP level 4. HP: 38/38 MP: 11/11
  2163 | D:3      | Found a sparkling altar of Nemelex Xobeh.
  2306 | D:3      | Reached skill level 1 in Conjurations
  2306 | D:3      | Reached skill level 1 in Hexes
  2306 | D:3      | Reached skill level 1 in Summonings
  2306 | D:3      | Reached skill level 1 in Necromancy
  2306 | D:3      | Reached skill level 1 in Translocations
  2306 | D:3      | Reached skill level 1 in Transmutations
  2306 | D:3      | Reached skill level 1 in Fire Magic
  2306 | D:3      | Reached skill level 1 in Ice Magic
  2306 | D:3      | Reached skill level 1 in Air Magic
  2306 | D:3      | Reached skill level 1 in Earth Magic
  2306 | D:3      | Reached skill level 1 in Poison Magic
  2502 | D:4      | Reached XP level 5. HP: 40/43 MP: 12/12
  2526 | D:4      | Noticed a phantom
  2963 | D:4      | Found a white marble altar of Elyvilon.
  3082 | D:4      | Slain by a hound

Skill      XL: |  1  2  3  4  5 |
---------------+----------------+-----
Spellcasting   | 5 |  5.2
Invocations    | 1 |  1.8
Short Blades   | 1 |  1.6
Long Blades    | 1 |  1.6
Axes           | 1 |  1.6
Maces & Flails | 1 |  1.6
Staves         | 1 |  1.6
Slings         | 1 |  1.6
Bows           | 1 |  1.6
Crossbows      | 1 |  1.6
Throwing       | 1 |  1.6
Stealth        | 1 |  1.6
Shields        | 1 |  1.6
Unarmed Combat | 1 |  1.6
Evocations     | 1 |  1.6
Conjurations   | 1 |  1.3
Hexes          | 1 |  1.3
Summonings     | 1 |  1.3
Necromancy     | 1 |  1.3
Translocations | 1 |  1.3
Transmutations | 1 |  1.3
Fire Magic     | 1 |  1.3
Ice Magic      | 1 |  1.3
Air Magic      | 1 |  1.3
Earth Magic    | 1 |  1.3
Poison Magic   | 1 |  1.3
Armour         | 3 |  3.0
Fighting       | |  4.8
Polearms       | |  4.8
Dodging        | |  4.8
Charms         | |  5.6

Action                   |  1- 3 |  4- 6 || total
-------------------------+-------+-------++-------
Melee: Spear             |   131 |   239 ||   370
       Bite              |    12 |    20 ||    32
  Eat: Chunk             |     1 |     5 ||     6
Armor: Leather armour    |    18 |       ||    18
       Ring mail         |     2 |    47 ||    49
Dodge: Dodged            |    47 |    59 ||   106
Block: Buckler           |     5 |       ||     5
       Shield            |    22 |   128 ||   150
       Reflection        |     2 |       ||     2
